 Dungeon Crawl Stone Soup version 0.19.5 (webtiles) character file.

102 Peloso the Covered (level 4, 0/40 HPs)
             Began as a Minotaur Fighter on May 27, 2017.
             Slain by an orc
             ... wielding a +0 trident
              (7 damage)
             ... on level 3 of the Dungeon.
             The game lasted 00:04:37 (1751 turns).

Peloso the Covered (Minotaur Fighter)               Turns: 1751, Time: 00:04:40

Health: 0/40       AC:  7    Str: 20    XL:     4   Next: 50%
Magic:  3/3        EV:  7    Int: 10    God:
Gold:   79         SH:  0    Dex: 11    Spells: 0 memorised, 3 levels left

rFire  + . .     SeeInvis .     a - +0 long sword
rCold  x . .     Gourm    .     b - +0 scale mail
rNeg   . . .     Faith    .     c - +0 shield
rPois  .         Spirit   .     (helmet restricted)
rElec  .         Reflect  .     (no cloak)
rCorr  +         Harm     .     (no gloves)
MR     .....                    (no boots)
Stlth  ..........               (no amulet)
                                r - ring of resist corrosion
                                q - ring of fire

@: confused, brilliant, lethally poisoned (0 -> -26)
A: retaliatory headbutt, horns 2
a: no special abilities


You were on level 3 of the Dungeon.
You were not hungry.

You visited 1 branch of the dungeon, and saw 3 of its levels.

You collected 79 gold pieces.

Inventory:

Hand Weapons
 a - a +0 long sword (weapon)
 o - a cursed -2 dagger
Armour
 b - a +0 scale mail (worn)
 c - a +0 shield (worn)
Jewellery
 q - a ring of fire (left hand)
 r - a ring of resist corrosion (right hand)
Scrolls
 e - 2 scrolls of amnesia {unknown}
 h - a scroll of teleportation {unknown}
 j - a scroll of identify {unknown}
 k - a scroll of magic mapping {unknown}
 p - a scroll of remove curse {unknown}
Potions
 d - 2 potions of might
 g - a potion of brilliance
 i - a potion of degeneration {unknown}
 l - 2 potions of curing {unknown}
Comestibles
 f - 2 bread rations
 m - a meat ration
 n - a beef jerky
 s - a chunk of flesh


   Skills:
 + Level 4.1 Fighting
 + Level 3.6 Long Blades
 + Level 4.7 Armour
 + Level 0.4 Dodging
 + Level 0.1 Stealth
 + Level 4.3 Shields


You had 3 spell levels left.
You didn't know any spells.

Dungeon Overview and Level Annotations

Branches:
Dungeon (3/15)

Altars:
Ashenzari


Innate Abilities, Weirdness & Mutations

You reflexively headbutt those who attack you in melee.
You have a pair of horns on your head.


Message History

The orc hits you from afar with a trident.
You closely miss something.
You feel very sick.
You hear some strange, mumbled words.
You are confused.
The orc hits you but does no damage.
You bump into the rock wall.
* * * LOW HITPOINT WARNING * * *
You feel sick. Something hits you but does no damage.
You are more poisoned.
The orc hits you from afar with a trident.
* * * LOW HITPOINT WARNING * * *
It was a potion of brilliance.
You feel clever all of a sudden.
* * * LOW HITPOINT WARNING * * *
You feel sick.
You hear some strange, mumbled words.
Something tries to affect you, but you resist.
The orc hits you from afar with a trident!
You die...

#.........#
###..######
#...# ##..#
#..########
#.........#
##.######.#
#.####...##
#..@)oo....
#.####.####
#.# #.. ...
.#. #. .#
#.


You could see 2 orcs.

Vanquished Creatures
  4 adders
  An ooze (D:2)
  2 dart slugs (D:1)
  2 leopard geckos
  2 orcs (D:3)
  A bat (D:1)
  2 giant cockroaches (D:1)
  6 goblins
  5 hobgoblins
  7 jackals
  4 frilled lizards
  8 kobolds
  8 rats
52 creatures vanquished.

Notes
Turn   | Place    | Note
-------+----------+-------------------------------------------
     0 | D:1      | Peloso the Minotaur Fighter began the quest for the Orb.
     0 | D:1      | Reached XP level 1. HP: 19/19 MP: 0/0
    61 | D:1      | Reached XP level 2. HP: 26/27 MP: 1/1
   169 | D:1      | Reached XP level 3. HP: 11/33 MP: 2/2
  1009 | D:2      | Reached XP level 4. HP: 40/40 MP: 3/3
  1684 | D:3      | Found a faded altar of an unknown god.
  1684 | D:3      | Found a shattered altar of Ashenzari.
  1689 | D:3      | Found a faded altar of an unknown god.
  1691 | D:3      | Found a faded altar of an unknown god.
  1697 | D:3      | Found a faded altar of an unknown god.
  1751 | D:3      | Slain by an orc

Skill      XL: |  1  2  3 |
---------------+----------+-----
Fighting       | 4 |  4.1
Long Blades    | 3 |  3.6
Armour         | 4 |  4.7
Shields        | 4 |  4.3
Dodging        | |  0.4
Stealth        | |  0.1

Action                   |  1- 3 |  4- 6 || total
-------------------------+-------+-------++-------
Melee: Long sword        |    99 |    50 ||   149
       Headbutt          |    18 |     7 ||    25
  Use: Potion            |       |     1 ||     1
  Eat: Chunk             |     1 |     2 ||     3
Armor: Scale mail        |    63 |    17 ||    80
Dodge: Dodged            |    28 |     9 ||    37
Block: Shield            |    56 |    30 ||    86
       Rpst.: Long sword |     7 |     7 ||    14
